 Dungeon Crawl Stone Soup version 0.30-a0-870-gc5d4c5acee (webtiles) character file.

Game seed: 1788397193117736606

81 greasedhog the Cudgeller (level 4, -4/29 HPs)
             Began as a Gargoyle Cinder Acolyte on Mar 12, 2023.
             Was a High Priest of Ignis.
             Slain by Crazy Yiuf
             ... wielding a +4 quarterstaff of chaos
              (9 damage)
             ... on level 2 of the Dungeon.
             The game lasted 00:03:13 (1044 turns).

greasedhog the Cudgeller (Gargoyle Cinder Acolyte)  Turns: 1044, Time: 00:03:17

Health: -4/29      AC: 12    Str: 19    XL:     4   Next: 40%
Magic:  5/5        EV: 11    Int: 15    God:    Ignis [*****.]
Gold:   43         SH:  0    Dex:  5    Spells: 5/5 levels left

rFire   + . .      SeeInvis .    a - -1 mace (flame)
rCold   . . .      Faith    .    (no shield)
rNeg    + . .      Spirit   .    h - +1 leather armour
rPois   ∞          Reflect  .    d - +2 hat
rElec   +          Rampage  .    f - +2 cloak {Stlth+}
rCorr   .                        (no gloves)
Will    .....                    (no boots)
Stlth   ++                       (no amulet)
HPRegen 0.24/turn                (no ring)
MPRegen 0.09/turn                (no ring)

@: no status effects
A: sickness immunity, AC +3, negative energy resistance 1, electricity
resistance, torment resistance 1, petrification resistance
a: Renounce Religion, Fiery Armour, Foxfire Swarm, Rising Flame


You were on level 2 of the Dungeon.
You worshipped Ignis.
Ignis was extremely pleased with you.
You visited 1 branch of the dungeon, and saw 2 of its levels.

You collected 43 gold pieces.

Inventory:

Hand Weapons
 a - a -1 mace of flaming (weapon)
Missiles
 j - a throwing net (quivered)
Armour
 d - a +2 hat (worn)
 f - a +2 cloak of stealth (worn)
 h - a +1 leather armour (worn)
Scrolls
 c - a scroll of vulnerability {unknown}
 i - 2 scrolls of teleportation
Potions
 b - a potion of lignification
 e - a potion of invisibility {unknown}
 g - a potion of might {unknown}


   Skills:
 + Level 4.1 Fighting
 * Level 4.5 Maces & Flails
 - Level 1.0 Spellcasting
 - Level 3.0 Fire Magic


You had 5 spell levels left.
You didn't know any spells.
Your spell library contained the following spells:

 Spells                   Type           Power      Damage    Failure   Level
 Scorch                   Fire           18%        2d5       13%         2
 Magic Dart               Conj           0%         1d3       28%         1
 Call Imp                 Summ           0%         N/A       41%         2
 Mephitic Cloud           Conj/Pois/Air  0%         N/A       65%         3


Dungeon Overview and Level Annotations

Branches:
Dungeon (2/15)

Altars:

Annotations:
D:2 Crazy Yiuf


Innate Abilities, Weirdness & Mutations

You are immune to sickness and miasma.
Your stone body is resilient. (AC +3)
You are immune to poison.
You resist negative energy. (rN+)
You are resistant to electric shocks. (rElec)
You are resistant to unholy torment.
You are immune to petrification.


Message History

Crazy Yiuf struggles against the net.
You hit Crazy Yiuf. You burn Crazy Yiuf.
Crazy Yiuf is lightly wounded.
Crazy Yiuf struggles against the net.
You sock Crazy Yiuf! You burn Crazy Yiuf.
Crazy Yiuf is severely wounded.
Crazy Yiuf struggles against the net.
You catch the helpless Crazy Yiuf completely off-guard!
You hit Crazy Yiuf. You burn Crazy Yiuf.
Crazy Yiuf is almost dead.
Crazy Yiuf flaps his cloak.
Crazy Yiuf struggles against the net. x2
The net rips apart, and Crazy Yiuf comes free!
You completely miss Crazy Yiuf.
Crazy Yiuf is almost dead.
Crazy Yiuf yells, "Gnoll!"
Crazy Yiuf barely misses you.
You closely miss Crazy Yiuf.
Crazy Yiuf is almost dead.
Crazy Yiuf hits you but does no damage.
You hit Crazy Yiuf but do no damage.
Crazy Yiuf is almost dead.
Crazy Yiuf hits you with a +4 quarterstaff of chaos!
You resist with some effort.
You closely miss Crazy Yiuf.
Crazy Yiuf is almost dead.
Crazy Yiuf hits you but does no damage.
You hit Crazy Yiuf. You burn Crazy Yiuf.
Crazy Yiuf is almost dead.
Crazy Yiuf laughs, "Sif Muna shrimp sing!"
Crazy Yiuf hits you with a +4 quarterstaff of chaos!
Crazy Yiuf burns you.
You closely miss Crazy Yiuf.
Crazy Yiuf is almost dead.
Crazy Yiuf laughs, "Whippet!"
Crazy Yiuf hits you with a +4 quarterstaff of chaos.
* * * LOW HITPOINT WARNING * * *
Crazy Yiuf laughs, "Mama sizzlefizz leg!"
Crazy Yiuf hits you with a +4 quarterstaff of chaos!
You die...

........# .......##
........# ..>.##..#
...###.## ...# #.#
#.## #.##### ### ...#
#.....## ###..)# ^..#
#......####@g...#
...###.....P.#..##...#
..........P.#.### ###
.....#.########
.......## ...#..<.####
####
.........#.####..#
#####............# #
##....########


You could see Crazy Yiuf.

Vanquished Creatures
  3 adders (D:2)
  A dart slug (D:1)
  3 endoplasms
  6 giant cockroaches
  A goblin (D:2)
  4 hobgoblins
  3 jackals (D:1)
  3 quokkas
  5 ball pythons
  8 bats
  3 frilled lizards (D:1)
  2 kobolds (D:1)
  9 rats
51 creatures vanquished.

Notes
Turn   | Place    | Note
-------+----------+-------------------------------------------
     0 | D:1      | greasedhog the Gargoyle Cinder Acolyte began the quest for
                  | the Orb.
     0 | D:1      | Reached XP level 1. HP: 14/14 MP: 2/2
   147 | D:1      | Reached XP level 2. HP: 11/19 MP: 3/3
   322 | D:1      | Reached XP level 3. HP: 24/24 MP: 4/4
   445 | D:1      | Found a faded altar of an unknown god.
   646 | D:2      | Reached XP level 4. HP: 29/29 MP: 5/5
   887 | D:2      | Found a runed translucent door.
   888 | D:2      | Noticed Crazy Yiuf
  1044 | D:2      | Slain by Crazy Yiuf

Illustrated notes

Levels and vault maps discovered:
D:1:      dpeg_arrival_simpleton_c, layout_rooms, ebering_ecumenical_altar_webs,
          st_stairs_10, grunt_decor_cap
D:2:      layout_rooms, uniq_crazy_yiuf_cottage

Skill      XL: |  1  2  3 |
---------------+----------+-----
Maces & Flails | 4 |  4.5
Fighting       | 4 |  4.1
Spellcasting   | |  1.0
Fire Magic     | |  3.0

Action                     |  1- 3 |  4- 6 || total
---------------------------+-------+-------++-------
  Melee: Mace              |   139 |    33 ||   172
  Throw: Throwing net      |       |     1 ||     1
    Use: Scroll            |     4 |       ||     4
   Stab: Sleeping          |     2 |       ||     2
         Held in net/web   |       |     1 ||     1
 Armour: Robe              |    33 |       ||    33
         Leather armour    |    40 |    17 ||    57
  Dodge: Dodged            |   107 |    12 ||   119

Table legend: (Time is in decaauts)
 A = Elapsed time spent in this place.
 B = Non-inter-level travel time spent in this place.
 C = Inter-level travel time spent in this place.
 D = Time resting spent in this place.
 E = Time spent auto-exploring this place.
 F = Levels seen in this place.
 G = Mean time per level.
                   A        B        C        D        E       F      G
               +--------+--------+--------+--------+--------+-----+--------+
         Total |   1079 |   1043 |     36 |     55 |    561 |   2 |  539.5 |
       Dungeon |   1079 |   1043 |     36 |     55 |    561 |   2 |  539.5 |
               +--------+--------+--------+--------+--------+-----+--------+

Top non-repeatable levels by time:
     D:1: 581 daAuts
     D:2: 498 daAuts
